 Dungeon Crawl Stone Soup version 0.23.1 (webtiles) character file.

Game seed: 11979477454161395550

15825 wolfsongas the Fighter (level 12, -2/102 HPs)
             Began as a Demonspawn Monk on Mar 2, 2019.
             Was a Priest of Qazlal.
             Shot with an arrow by Nessos (5 damage)
             ... on level 12 of the Dungeon.
             The game lasted 00:24:20 (9789 turns).

wolfsongas the Fighter (Demonspawn Monk)            Turns: 9789, Time: 00:24:22

Health: -2/102     AC: 14    Str: 15    XL:     12   Next: 4%
Magic:  19/19      EV:  9    Int:  6    God:    Qazlal [***...]
Gold:   452        SH:  6    Dex: 16    Spells: 11/11 levels left

rFire    + . .     SeeInvis .   s - +1 eveningstar
rCold    + . .     Gourm    .   (no shield)
rNeg     + + +     Faith    .   u - +0 chain mail
rPois    .         Spirit   .   (helmet unavailable)
rElec    .         Reflect  +   f - +0 cloak
rCorr    +         Harm     .   z - +0 pair of gloves of Balib {rC+ rN+++ Int-5}
MR       .....                  (no boots)
Stlth    ..........             q - +3 amulet of reflection
HPRegen  0.67/turn              x - ring of resist corrosion
MPRegen  0.16/turn              v - ring of positive energy

@: lethally poisoned (-2 -> -72)
A: horns 3, talons 1, thin metallic scales 1, dopey 1, fire resistance 1,
regeneration 1, spiny 1
a: Upheaval, Elemental Force, Renounce Religion


You were on level 12 of the Dungeon.
You worshipped Qazlal.
Qazlal was most pleased with you.
You were not hungry.

You visited 1 branch of the dungeon, and saw 12 of its levels.

You collected 602 gold pieces.
You spent 150 gold pieces at shops.

Inventory:

Hand Weapons
 s - a +1 eveningstar (weapon)
Armour
 f - a +0 cloak (worn)
 i - a +0 plate armour
 u - a +0 chain mail (worn)
 z - the +0 pair of gloves of Balib (worn) {rC+ rN+++ Int-5}
   (You found it on level 10 of the Dungeon)

   It affects your intelligence (-5).
   It protects you from cold.
   It renders you almost immune to negative energy.
Jewellery
 q - a +3 amulet of reflection (around neck)
 v - a ring of positive energy (right hand)
 x - a ring of resist corrosion (left hand)
Wands
 b - a wand of paralysis (17)
 j - a wand of flame (45)
 C - a wand of digging (2)
Scrolls
 d - a scroll of enchant armour
 g - 5 scrolls of remove curse
 h - 9 scrolls of teleportation
 m - 2 scrolls of magic mapping
 y - a scroll of immolation
Potions
 e - 3 potions of flight
 k - a potion of magic
 n - 3 potions of mutation
 p - a potion of brilliance
 r - a potion of agility
 w - a potion of ambrosia
 B - a potion of resistance
 D - a potion of cancellation
Comestibles
 c - 9 rations


   Skills:
 + Level 11.9 Fighting
 * Level 10.8 Maces & Flails
 + Level 5.5 Armour
 - Level 5.3 Dodging
 - Level 1.7 Stealth
 + Level 10.2 Invocations


You had 11 spell levels left.
You didn't know any spells.
Your spell library contained the following spells:

 Spells                   Type           Power        Failure   Level  Hunger
 Shock                    Conj/Air       #...         100%        1    ##.....
 Swiftness                Chrm/Air       #.......     100%        2    ###....
 Static Discharge         Conj/Air       #.......     100%        3    ####...
 Airstrike                Air            #.........   100%        4    #####..
 Lightning Bolt           Conj/Air       #.........   100%        5    ######.


Dungeon Overview and Level Annotations

Branches:
Dungeon (12/15)            Temple (0/1) D:7            Lair (0/6) D:8
    Orc (0/2) D:9

Altars:
Ashenzari
Elyvilon
Fedhas
Hepliaklqana
Nemelex Xobeh
Qazlal
Ru
Sif Muna
Uskayaw
Vehumet
Yredelemnul
The Shining One

Shops:
D:4 !*!   D:11 (

Annotations:
D:11 Sonja
D:12 Nessos


Innate Abilities, Weirdness & Mutations

You have a pair of large horns on your head.
You are partially covered in thin metallic scales. (AC +2)
You are partially covered in sharp spines.
You have sharp toenails.
You are dopey. (Int -2)
Your flesh is heat resistant. (rF+)
Your natural rate of healing is unusually fast.


Message History

* * * LOW HITPOINT WARNING * * *
You feel very sick.
* * * LOW HITPOINT WARNING * * *
You feel very sick.
* * * LOW HITPOINT WARNING * * *
You feel very sick.
Nessos shoots an arrow.
The arrow hits you.
* * * LOW HITPOINT WARNING * * *
The arrow burns you.
You are more poisoned.
* * * LOW HITPOINT WARNING * * *
You see here an arrow.
You feel much better.
* * * LOW HITPOINT WARNING * * *
You feel very sick.
Nessos shoots an arrow.
The arrow hits you!!
* * * LOW HITPOINT WARNING * * *
The arrow burns you.
You are more poisoned.
You die...

#...## #. #...#...#§§§....#
##...# #.##...##§##§#...#..#
#.#.##..c...#...§§§§##.##..#
#......##.#########§§......#
###.#..##..### ######...#
.##.#.....c..#######>[.†...#
......<...........>..####......
.........###(###☼..............
########## #.(##@########......
##c(..# ### ######


You could see Nessos.

Vanquished Creatures
  Josephine (D:10)
  Snorg (D:10)
  Fannar (D:11)
  A hydra (D:12)
  Erica (D:8)
  An unseen horror (D:12)
  3 ugly things
  A cyclops (D:11)
  Joseph (D:8)
  Psyche (D:11)
  A kobold demonologist (D:11)
  A centaur skeleton (D:11)
  A komodo dragon (D:12)
  2 trolls
  A hornet (D:9)
  4 hippogriffs
  Sigmund (D:4)
  9 yaks
  3 wraiths (D:10)
  A wyvern (D:8)
  2 hungry ghosts
  4 wargs
  6 orc warriors
  A black bear (D:10)
  4 sky beasts
  2 ice beasts
  8 ogres
  2 centaurs
  3 big kobolds
  Blork the orc (D:4)
  4 bullfrogs
  A gnoll sergeant (D:11)
  A water moccasin zombie (D:9)
  3 scorpions
  5 killer bees (D:12)
  3 wights (D:11)
  A howler monkey (D:5)
  A bullfrog zombie (D:11)
  6 crimson imps
  A centaur zombie (D:11)
  A quasit (D:8)
  A jelly (D:6)
  10 orc priests
  2 bullfrog skeletons
  3 hounds
  7 orc wizards
  3 iguanas
  2 worker ants
  A hound zombie (D:7)
  A hound skeleton (D:7)
  A worker ant zombie (D:7)
  4 gnolls (D:11)
  13 adders
  4 shadow imps
  An ooze (D:5)
  An adder skeleton (D:6)
  A worm (D:2)
  A dart slug (D:2)
  5 leopard geckos
  44 orcs
  5 bats
  3 giant cockroaches
  4 goblins
  8 hobgoblins
  14 jackals
  19 kobolds
  4 quokkas
  3 frilled lizards
  3 hobgoblin zombies (D:8)
  A kobold zombie (D:8)
  A leopard gecko skeleton (D:7)
  An orc skeleton (D:8)
  An orc zombie (D:8)
  3 rats
271 creatures vanquished.

Vanquished Creatures (collateral kills)
  An orc wizard (D:11)
1 creature vanquished.

Vanquished Creatures (others)
  An orc (D:3)
  A kobold (D:9)
2 creatures vanquished.

Grand Total: 274 creatures vanquished

Notes
Turn   | Place    | Note
-------+----------+-------------------------------------------
     0 | D:1      | wolfsongas the Demonspawn Monk began the quest for the Orb.
     0 | D:1      | Reached XP level 1. HP: 18/18 MP: 1/1
   446 | D:1      | Gained mutation: You have a pair of small horns on your
                  | head. [demonic ancestry]
   446 | D:1      | Reached XP level 2. HP: 24/24 MP: 2/2
   658 | D:2      | Reached skill level 4 in Fighting
  1104 | D:2      | Gained mutation: You have a pair of horns on your head.
                  | [demonic ancestry]
  1104 | D:2      | Reached XP level 3. HP: 30/30 MP: 3/3
  2040 | D:3      | Gained mutation: You are partially covered in sharp spines.
                  | [demonic ancestry]
  2040 | D:3      | Reached XP level 4. HP: 37/38 MP: 4/4
  2041 | D:3      | Reached skill level 5 in Fighting
  2209 | D:3      | Gained mutation: You are partially covered in thin metallic
                  | scales. (AC +2) [demonic ancestry]
  2209 | D:3      | Reached XP level 5. HP: 46/46 MP: 5/5
  2326 | D:3      | Reached skill level 6 in Fighting
  2663 | D:4      | Noticed Blork the orc
  2674 | D:4      | Killed Blork the orc
  2693 | D:4      | Found Jiudol's Distillery.
  2706 | D:4      | Reached XP level 6. HP: 48/53 MP: 6/6
  2719 | D:4      | Found Zephoos's General Store.
  2759 | D:4      | Reached skill level 7 in Fighting
  2817 | D:4      | Bought a +0 eveningstar for 150 gold pieces
  2828 | D:4      | Found Vatudar's Distillery.
  2892 | D:4      | Noticed Sigmund
  2903 | D:4      | Killed Sigmund
  2903 | D:4      | Reached skill level 8 in Fighting
  2903 | D:4      | Reached XP level 7. HP: 53/62 MP: 7/7
  3059 | D:4      | Found a shattered altar of Ashenzari.
  3217 | D:5      | Entered Level 5 of the Dungeon
  3227 | D:5      | Found a blossoming altar of Fedhas.
  3534 | D:5      | Reached skill level 9 in Fighting
  3593 | D:5      | Found a basalt altar of Yredelemnul.
  3701 | D:5      | Found a hazy altar of Hepliaklqana.
  3702 | D:5      | Found a deep blue altar of Sif Muna.
  3702 | D:5      | Found a stormy altar of Qazlal.
  3704 | D:5      | Found a white marble altar of Elyvilon.
  3729 | D:5      | Became a worshipper of Qazlal Stormbringer
  3729 | D:5      | Reached * piety under Qazlal
  3729 | D:5      | Reached ** piety under Qazlal
  4143 | D:6      | Reached skill level 1 in Invocations
  4143 | D:6      | Reached XP level 8. HP: 69/71 MP: 8/8
  4667 | D:6      | Gained mutation: You are dopey. (Int -2) [potion of
                  | mutation]
  4667 | D:6      | Gained mutation: Your natural rate of healing is unusually
                  | fast. [potion of mutation]
  4667 | D:6      | Gained mutation: Your flesh is heat resistant. (rF+)
                  | [potion of mutation]
  4667 | D:6      | Gained mutation: You have sharp toenails. [potion of
                  | mutation]
  4708 | D:7      | Found a hazy altar of Hepliaklqana.
  4823 | D:7      | Found a staircase to the Ecumenical Temple.
  4887 | D:7      | Reached skill level 5 in Maces & Flails
  4888 | D:7      | Reached *** piety under Qazlal
  5007 | D:7      | Found a glowing golden altar of the Shining One.
  5102 | D:7      | Noticed a hippogriff
  5108 | D:7      | Killed a hippogriff
  5108 | D:7      | Reached XP level 9. HP: 77/78 MP: 10/12
  5267 | D:7      | Found a hide-covered altar of Uskayaw.
  5270 | D:7      | Found a sparkling altar of Nemelex Xobeh.
  5271 | D:7      | Found a sacrificial altar of Ru.
  5273 | D:7      | Found a radiant altar of Vehumet.
  5648 | D:7      | Reached skill level 10 in Fighting
  5652 | D:7      | Reached skill level 5 in Invocations
  5757 | D:8      | Found a staircase to the Lair.
  5825 | D:8      | Noticed Erica
  5839 | D:8      | Killed Erica
  5839 | D:8      | Reached skill level 5 in Dodging
  5916 | D:8      | Noticed Joseph
  5926 | D:8      | Killed Joseph
  5926 | D:8      | Gained mutation: You have a pair of large horns on your
                  | head. [demonic ancestry]
  5926 | D:8      | Reached XP level 10. HP: 67/86 MP: 14/14
  5979 | D:8      | Reached skill level 1 in Armour
  5982 | D:8      | Found a glowing golden altar of the Shining One.
  5993 | D:8      | Reached **** piety under Qazlal
  6001 | D:8      | Identified a scroll of acquirement
  6936 | D:9      | Found a staircase to the Orcish Mines.
  6939 | D:9      | Identified the +10 long sword "Qizimais" {pain, Int+4}
  7173 | D:10     | Entered Level 10 of the Dungeon
  7185 | D:10     | Noticed Snorg
  7189 | D:10     | Killed Snorg
  7224 | D:10     | Noticed Josephine
  7236 | D:10     | HP: 2/86 [wraith[Josephine] (3)]
  7240 | D:10     | Killed Josephine
  7240 | D:10     | Reached skill level 11 in Fighting
  7343 | D:10     | Reached XP level 11. HP: 62/93 MP: 17/17
  7678 | D:10     | Got a sheer robe
  7690 | D:10     | Identified the cursed +1 robe "Saezxyp" {rElec} (You found
                  | it on level 10 of the Dungeon)
  7730 | D:10     | Got a pair of crude gloves
  7741 | D:10     | Identified the +0 pair of gloves of Balib {rC+ rN+++ Int-5}
                  | (You found it on level 10 of the Dungeon)
  7929 | D:11     | Noticed Fannar
  7935 | D:11     | Killed Fannar
  7938 | D:11     | Noticed a purple ugly thing
  8051 | D:11     | Killed a purple ugly thing
  8228 | D:11     | Noticed Psyche
  8232 | D:11     | Killed Psyche
  8442 | D:11     | Reached skill level 10 in Maces & Flails
  8477 | D:11     | Noticed a brown ugly thing
  8487 | D:11     | Killed a brown ugly thing
  8544 | D:11     | Noticed Sonja
  8924 | D:11     | Found Homut's Antique Weapon Emporium.
  8982 | D:11     | Reached skill level 5 in Armour
  9368 | D:12     | Noticed a six-headed hydra
  9375 | D:12     | Killed a six-headed hydra
  9490 | D:12     | Reached skill level 10 in Invocations
  9502 | D:12     | Killed an unseen horror
  9529 | D:12     | Noticed Nessos
  9566 | D:12     | Reached XP level 12. HP: 48/102 MP: 15/19
  9788 | D:12     | HP: 5/102 [Nessos/arrow (1)]
  9789 | D:12     | Shot with an arrow by Nessos

Skill      XL: |  1  2  3  4  5  6  7  8  9 10 11 |
---------------+----------------------------------+-----
Fighting       | 4 5 6 8 9 10 11 | 11.9
Maces & Flails | 3 5 7 9 10 | 10.8
Dodging        | 3 4 5 |  5.3
Invocations    | 1 4 6 8 10 | 10.2
Armour         | 3 5 |  5.5
Stealth        | |  1.7

Action                   |  1- 3 |  4- 6 |  7- 9 | 10-12 || total
-------------------------+-------+-------+-------+-------++-------
Melee: Mace              |   114 |    19 |       |       ||   133
       Headbutt          |    12 |     9 |    48 |    66 ||   135
       Morningstar       |       |    52 |       |       ||    52
       Eveningstar       |       |     7 |   229 |   326 ||   562
       Kick              |       |       |    27 |   100 ||   127
Invok: Upheaval          |       |       |       |    18 ||    18
       Elemental Force   |       |       |       |     1 ||     1
Evoke: Wand              |       |     6 |       |     6 ||    12
  Use: Potion            |     4 |     1 |     3 |     9 ||    17
       Scroll            |     5 |     3 |     5 |    18 ||    31
 Stab: Sleeping          |     3 |       |       |       ||     3
       Invisible         |     3 |     1 |       |     1 ||     5
  Eat: Ration            |     1 |     1 |     3 |     6 ||    11
Armor: Robe              |    36 |       |       |       ||    36
       Scale mail        |     2 |    30 |    84 |       ||   116
       Chain mail        |       |       |    30 |   169 ||   199
Dodge: Dodged            |    97 |    33 |    75 |   108 ||   313
       Deflected         |       |       |       |     5 ||     5
Block: Other             |       |     1 |    70 |   124 ||   195
       Reflection        |       |       |     2 |     8 ||    10
